 Dungeon Crawl Stone Soup version 0.27-a0-1119-gbf574a6a6b (webtiles) character file.

Game seed: 17981236070124421417

1624 miscthings the Thaumaturge (level 8, -3/50 HPs)
             Began as a Djinni Conjurer on May 3, 2021.
             Slain by a yak (15 damage)
             ... on level 5 of the Dungeon.
             The game lasted 00:05:28 (4934 turns).

miscthings the Thaumaturge (Djinni Conjurer)        Turns: 4934, Time: 00:05:28

Health: -3/50      AC:  3    Str:  6    XL:     8   Next: 97%
Gold:   82         EV: 12    Int: 21    God:
                   SH:  0    Dex: 13

rFire    + + .     SeeInvis .   h - +1 whip (elec)
rCold    x . .     Faith    .   (no shield)
rNeg     . . .     Spirit   .   a - +0 robe
rPois    ∞         Reflect  .   u - +0 helmet
rElec    .         Harm     .   r - scarf {repulsion}
rCorr    .         Rampage  .   (no gloves)
Will     .....                  (boots unavailable)
Stlth    ++........             (no amulet)
HPRegen  0.16/turn              (no ring)
MPRegen  0.00/turn              (no ring)

@: flying, repel missiles
A: fire resistance 2, cold vulnerability 1, float, innate caster, hp casting,
extra vitality 1
a: no special abilities


You were on level 5 of the Dungeon.
You visited 1 branch of the dungeon, and saw 5 of its levels.

You collected 250 gold pieces.
You spent 168 gold pieces at shops.

Inventory:

Hand Weapons
 h - a +1 whip of electrocution (weapon)
Armour
 a - a +0 robe (worn)
 r - a scarf of repulsion (worn)
 u - a +0 helmet (worn)
Wands
 k - a wand of flame (22)
 t - a wand of iceblast (5)
Scrolls
 b - a scroll of noise {unknown}
 d - a scroll of vulnerability {unknown}
 e - a scroll of identify {unknown}
 l - 2 scrolls of fog
 o - a scroll of magic mapping {unknown}
 p - a scroll of teleportation
 q - a scroll of acquirement {unknown}
Potions
 c - a potion of attraction {unknown}
 f - 2 potions of invisibility {unknown}
 g - a potion of resistance {unknown}
 i - a potion of heal wounds {unknown}
 j - a potion of degeneration {unknown}
 m - a potion of haste {unknown}
 n - 2 potions of curing {unknown}
 s - a potion of berserk rage {unknown}


   Skills:
 - Level 2.1 Dodging
 - Level 1.5 Stealth
 + Level 10.0 Spellcasting


You had 7 spell levels left.
You knew the following spells:

 Your Spells              Type           Power      Damage    Failure   Level
a - Searing Ray           Conj           100%       3d7       1%          2
b - Magic Dart            Conj           100%       1d8       1%          1
c - Dazzling Flash        Conj/Hex       100%       N/A       1%          3
d - Fulminant Prism       Conj/Hex       25%        3d14      1%          4
e - Iskenderun's Mystic   Conj/Tloc      51%        2d11      1%          4
f - Beastly Appendage     Tmut           100%       N/A       1%          1
g - Wereblood             Tmut           51%        N/A       1%          2
x - Vampiric Draining     Necr           25%        2d9       1%          3
Your spell library was empty.

Dungeon Overview and Level Annotations

Branches:
Dungeon (5/15)
 Temple: D:4-7

Altars:
Xom

Shops:
D:2 *   D:4 [


Innate Abilities, Weirdness & Mutations

You are immune to poison.
Your flesh is very heat resistant. (rF++)
You are vulnerable to cold. (rC-)
You float through the air rather than walking.
You learn spells naturally, not from books.
Your magical power is your life essence.
You have superior vitality. (+4 HP)


Message History

The yak is severely wounded.
The blast of energy engulfs the yak!
The yak is heavily wounded.
The searing ray hits the yak!
You kill the yak!
The searing ray hits the yak.
The yak is almost dead.
The searing ray hits the yak!
You kill the yak!
The searing ray hits the yak.
The yak is lightly wounded.
You finish channeling your searing ray.
Your Spellcasting skill increases to level 10!
Casting: Searing Ray (safe; 1% risk of failure)
Confirm with . or Enter, or press ? or * to list all spells.
Aiming: Fulminant Prism (dangerous; 1% risk of failure)
Press: ? - help, Dir - move target You conjure a prism of explosive energy!
A fulminant prism comes into view.
Casting: Fulminant Prism (dangerous; 1% risk of failure)
Confirm with . or Enter, or press ? or * to list all spells.
Aiming: Searing Ray (safe; 1% risk of failure)
Press: ? - help, Shift-Dir - straight line, f - yak
Aim: a yak (moderately wounded, 90% to hit)
The searing ray hits the yak!
The yak is heavily wounded.
The searing ray hits the yak!
The yak is severely wounded. (Press . to maintain the ray.)
The yak gores you.
Your fulminant prism crackles loudly.
The searing ray hits the yak!
The yak is almost dead.
Your fulminant prism explodes!
The blast of energy engulfs the yak!!
The yak is severely wounded.
The yak gores you!
* * * LOW HITPOINT WARNING * * *
The yak gores you!
You die...

#.)## #..#
#.# #<.#
#...####
#..## #.#
#)##
##.....#
#...###..#
[)#
###....#
##...#..#
..## #
##..##
##....# ...
# ##..#
##..## ..##
# #..##
#....# ..#
##..#
#.#..###†.#
#..##
#.####@.Y.#
##.## #.#
#.YY## #.##
#.# ##..#
.## #.#
#### ## ..
#


You could see 3 yaks.

Vanquished Creatures
  A wyvern (D:5)
  3 yaks (D:5)
  An ice beast (D:5)
  A sky beast (D:5)
  An ogre (D:5)
  A necrophage (D:4)
  2 scorpions
  A wyvern skeleton (D:5)
  A centaur zombie (D:4)
  A hound (D:5)
  3 jellies (D:5)
  An orc priest (D:5)
  3 centaur skeletons
  An iguana (D:5)
  4 orc wizards (D:5)
  A scorpion zombie (D:3)
  4 adders
  An ufetubus (D:5)
  A dart slug (D:2)
  7 orcs
  5 bats
  10 endoplasms
  4 giant cockroaches
  A goblin (D:4)
  5 hobgoblins
  3 kobolds
  3 quokkas
  7 ball pythons
  5 frilled lizards
  4 rats
86 creatures vanquished.

Vanquished Creatures (others)
  2 fulminant prisms (D:5)
2 creatures vanquished.

Grand Total: 88 creatures vanquished

Notes
Turn   | Place    | Note
-------+----------+-------------------------------------------
     0 | D:1      | miscthings the Djinni Conjurer began the quest for the Orb.
     0 | D:1      | Reached XP level 1. HP: 15/15 MP: 0/0
   596 | D:1      | Reached XP level 2. HP: 20/21 MP: 0/0
   596 | D:1      | Found a faded altar of an unknown god.
   599 | D:1      | Reached skill level 4 in Spellcasting
  1209 | D:2      | Found a shimmering altar of Xom.
  1269 | D:2      | Reached XP level 3. HP: 18/25 MP: 0/0
  1269 | D:2      | Learned a level 1 spell: Beastly Appendage
  1378 | D:2      | Found Qiguanow's General Store.
  1939 | D:3      | Reached XP level 4. HP: 10/31 MP: 0/0
  2230 | D:3      | Reached skill level 5 in Spellcasting
  2936 | D:4      | Noticed a scorpion
  2941 | D:4      | Killed a scorpion
  2942 | D:4      | Reached XP level 5. HP: 30/35 MP: 0/0
  2942 | D:4      | Learned a level 2 spell: Wereblood
  2964 | D:4      | Noticed a necrophage
  2969 | D:4      | Killed a necrophage
  2970 | D:4      | Reached skill level 6 in Spellcasting
  2970 | D:4      | Reached XP level 6. HP: 32/40 MP: 0/0
  3419 | D:4      | Found Zusamis's Armour Shoppe.
  3422 | D:4      | Bought a scarf of repulsion for 168 gold pieces
  3555 | D:5      | Entered Level 5 of the Dungeon
  3557 | D:5      | Noticed a yak
  3559 | D:5      | Noticed a yak
  3732 | D:5      | Killed a yak
  3733 | D:5      | Reached skill level 7 in Spellcasting
  3733 | D:5      | Reached XP level 7. HP: 17/45 MP: 0/0
  3733 | D:5      | Learned a level 3 spell: Vampiric Draining
  3982 | D:5      | Noticed a wyvern
  3989 | D:5      | Killed a wyvern
  4211 | D:5      | Reached skill level 8 in Spellcasting
  4239 | D:5      | Reached XP level 8. HP: 9/50 MP: 0/0
  4713 | D:5      | Reached skill level 9 in Spellcasting
  4925 | D:5      | Noticed a yak
  4925 | D:5      | Noticed a yak
  4925 | D:5      | Noticed a yak
  4925 | D:5      | Noticed a yak
  4929 | D:5      | Killed a yak
  4930 | D:5      | Killed a yak
  4931 | D:5      | Reached skill level 10 in Spellcasting
  4934 | D:5      | Slain by a yak

Illustrated notes

Levels and vault maps discovered:
D:1:      dpeg_arrival_rhombi, layout_basic, shapermc_ecumenical_altar_venn
D:2:      layout_basic, basic_altar, serial_shops, shop
D:3:      layout_loops_ring
D:4:      layout_loops_cross, serial_shops, kennysheep_mini_moat
D:5:      layout_layer_cave, uniq_blork_the_orc

Skill      XL: |  1  2  3  4  5  6  7  8 |
---------------+-------------------------+-----
Spellcasting   | 4 5 6 7 8 10 | 10.0
Dodging        | |  2.1
Stealth        | |  1.5

Action                   |  1- 3 |  4- 6 |  7- 9 || total
-------------------------+-------+-------+-------++-------
Melee: Unarmed           |       |     1 |       ||     1
       Whip              |       |     2 |       ||     2
 Cast: Magic Dart        |    16 |     3 |       ||    19
       Searing Ray       |    22 |    30 |    19 ||    71
       Vampiric Draining |       |       |     4 ||     4
       Fulminant Prism   |       |       |     2 ||     2
  Use: Scroll            |       |     3 |     1 ||     4
Armor: Robe              |       |     4 |       ||     4
Dodge: Dodged            |     6 |    13 |     6 ||    25

Table legend: (Time is in decaauts)
 A = Elapsed time spent in this place.
 B = Non-inter-level travel time spent in this place.
 C = Inter-level travel time spent in this place.
 D = Time resting spent in this place.
 E = Time spent auto-exploring this place.
 F = Levels seen in this place.
 G = Mean time per level.
                   A        B        C        D        E       F      G
               +--------+--------+--------+--------+--------+-----+--------+
         Total |   4935 |   4742 |    193 |   1917 |   2346 |   5 |  987.0 |
       Dungeon |   4935 |   4742 |    193 |   1917 |   2346 |   5 |  987.0 |
               +--------+--------+--------+--------+--------+-----+--------+

Top non-repeatable levels by time:
     D:1: 1142 daAuts
     D:4: 1046 daAuts
     D:5: 1028 daAuts
     D:3: 931 daAuts
     D:2: 787 daAuts
